 Dungeon Crawl Stone Soup version 0.21-a0-81-gc5150db (webtiles) character file.

21260 kuniqs the Blocker (level 12, -5/63 HPs)
             Began as a Vine Stalker Fighter on June 23, 2017.
             Was a Follower of Uskayaw.
             Slain by a sixfirhy (10 damage)
             ... summoned by a kobold demonologist
             ... on level 13 of the Dungeon.
             The game lasted 00:32:31 (11246 turns).

kuniqs the Blocker (Vine Stalker Fighter)          Turns: 11246, Time: 00:32:31

Health: -5/63      AC: 11    Str: 25    XL:     12   Next: 88%
Magic:  0/17       EV: 13    Int:  8    God:    Uskayaw [*.....]
Gold:   794        SH: 13    Dex: 13    Spells: 11/11 levels left

rFire    + . .     SeeInvis .   C - +2 scimitar (flame)
rCold    . . .     Gourm    .   c - +1 shield
rNeg     . . .     Faith    .   m - +1 ring mail {rF+}
rPois    .         Spirit   +   u - +0 helmet
rElec    .         Reflect  .   (no cloak)
rCorr    .         Harm     .   G - +0 pair of gloves
MR       ++...                  D - +0 pair of boots
Stlth    +.........             F - amulet of rage
HPRegen  1.00/turn              I - ring of protection from magic
MPRegen  0.15/turn              (no ring)

@: no status effects
A: fangs 3, regeneration 2, magic shield, antimagic bite, no potion heal 3, rot
immunity
a: Stomp, Renounce Religion, Evoke Berserk Rage


You were on level 13 of the Dungeon.
You worshipped Uskayaw.
Uskayaw was noncommittal.
You were very hungry.

You visited 2 branches of the dungeon, and saw 14 of its levels.
You also visited: Ice Cave.

You collected 794 gold pieces.

Inventory:

Hand Weapons
 r - a +0 short sword of freezing
 x - a +1 rapier of flaming
 C - a +2 scimitar of flaming (weapon)
 K - a +3 dagger
Armour
 c - a +1 shield (worn)
 m - a +1 ring mail of fire resistance (worn)
 u - a +0 helmet (worn)
 D - a +0 pair of boots (worn)
 G - a +0 pair of gloves (worn)
Jewellery
 F - an amulet of rage (around neck)
 I - a ring of protection from magic (left hand)
Wands
 a - a wand of iceblast (7/15)
 w - a wand of flame (14/48)
 E - a wand of disintegration (3/24)
 H - a wand of flame (21/48)
 J - a wand of acid (14/15)
 M - a wand of acid (4/15)
Scrolls
 g - a scroll of magic mapping {unknown}
 i - a scroll of teleportation
 j - 2 scrolls of immolation
 l - 5 scrolls of fear
 n - 7 scrolls of remove curse {@r2}
 p - 2 scrolls of enchant armour
 s - 3 scrolls of identify {@r1}
 y - a scroll of enchant weapon {unknown}
 N - 3 scrolls of recharging
 O - a scroll of summoning {unknown}
Potions
 b - 2 potions of lignification
 k - 2 potions of might
 o - 7 potions of curing {@q1}
 q - 2 potions of resistance
 t - 2 potions of flight
 v - a potion of cancellation {unknown}
 z - a potion of haste {unknown}
 B - a potion of berserk rage {unknown}
 P - a potion of agility
Comestibles
 d - 8 bread rations
 e - 6 meat rations
 f - 7 fruits
 h - 7 royal jellies


   Skills:
 + Level 7.4 Fighting
 + Level 7.2 Short Blades
 + Level 7.0 Armour
 + Level 6.2 Dodging
 + Level 10.5 Shields
 + Level 6.6 Invocations
 + Level 6.4 Evocations


You had 11 spell levels left.
You didn't know any spells.

Dungeon Overview and Level Annotations

Branches:
Dungeon (13/15)            Temple (1/1) D:4            Lair (0/6) D:11
    Orc (0/2) D:10
 Vaults: D:13-14

Altars:
Ashenzari
Cheibriados
Dithmenos
Elyvilon
Fedhas
Gozag
Hepliaklqana
Kikubaaqudgha
Makhleb
Nemelex Xobeh
Okawaru
Ru
Sif Muna
Uskayaw
Vehumet
Wu Jian
Xom
Yredelemnul
Zin
The Shining One

Shops:
D:5 :   D:10 }

Annotations:
D:6 exclusion: statue
D:9 2 transporters


Innate Abilities, Weirdness & Mutations

You have razor-sharp teeth.
You heal very quickly.
When hurt, damage is shared between your health and your magic reserves.
Your bite disrupts and absorbs the magic of your enemies.
Potions cannot restore your health.
You are immune to rotting.


Message History

The sixfirhy hits you but does no damage.
The red devil hits you with a trident!
You slash the iron imp!
You kill the iron imp!
You block the sixfirhy's attack. The sixfirhy misses you.
You block the sixfirhy's attack. The sixfirhy hits you.
The sixfirhy shocks you!
The kobold demonologist looks encouraged for a moment.
The red devil hits you with a trident!
The red devil hits you from afar with a trident!
The hellwing hits you but does no damage.
The hellwing closely misses you. The sixfirhy hits you!
* * * LOW HITPOINT WARNING * * *
The sixfirhy shocks you!
* * * LOW HITPOINT WARNING * * *
The sixfirhy hits you.
* * * LOW HITPOINT WARNING * * *
The sixfirhy shocks you!
You die...

##.###..##
##..)....##
##.#.###
##.....## ##.##
##...## #.#
##'## #.# #.#
#.# #.# ...
.#########.##
#.#
........#[..##
#.#
..#####.@....#
#.## #3#...##
#..## #.##.##
......##4######
#..4........
.......K.#######
##########


You could see a hellwing, a kobold demonologist, a sixfirhy and a red devil.

Vanquished Creatures
  Snorg (D:11)
  A centaur warrior (D:11)
  8 two-headed ogres
  An unseen horror (D:12)
  Joseph (D:10)
  A water nymph (D:9)
  2 gargoyles
  2 kobold demonologists (D:11)
  A troll (D:9)
  3 hippogriffs
  Sigmund (D:6)
  A shadow (D:12)
  3 hogs (D:7)
  A wraith (D:11)
  Eustachio (D:4)
  A fire elemental (D:11)
  8 yaks
  A human (D:7)
  A basilisk (D:5)
  3 hungry ghosts
  2 vampire mosquitoes (D:12)
  A steam dragon (D:11)
  Edmund (D:4)
  A soldier ant (D:12)
  An acid dragon (D:9)
  The ghost of Qrupt the Sneak, an amateur KoAs of Wu Jian (D:3)
  A water moccasin (D:10)
  8 ice beasts
  2 swamp drakes (D:11)
  3 orc warriors
  2 sky beasts
  3 necrophages
  3 centaurs
  4 phantoms
  4 ogres
  2 crocodiles
  4 big kobolds
  Blork the orc (D:6)
  10 bullfrogs
  A gnoll sergeant (D:11)
  3 scorpions
  A troll zombie (D:10)
  18 killer bees
  4 wights (D:9)
  7 howler monkeys
  12 crimson imps
  A centaur zombie (D:6)
  2 bullfrog zombies
  8 hounds
  A lava snake (D:11)
  3 bullfrog skeletons
  5 jellies
  10 orc priests
  3 centaur skeletons
  7 orc wizards
  6 worker ants
  A killer bee zombie (D:7)
  7 ogre zombies (D:10)
  2 hound zombies
  A hound skeleton (D:8)
  A howler monkey zombie (D:9)
  Robin (D:4)
  13 adders
  6 gnolls
  3 shadow imps
  12 white imps (D:11)
  2 adder zombies
  2 worms
  A dart slug (D:2)
  4 leopard geckos
  29 orcs
  3 bats
  3 giant cockroaches
  14 goblins
  10 hobgoblins
  11 jackals
  14 kobolds
  4 quokkas
  4 frilled lizards
  2 goblin skeletons (D:10)
  2 goblin zombies (D:10)
  A hobgoblin skeleton (D:10)
  2 hobgoblin zombies (D:10)
  A jackal skeleton (D:4)
  A jackal zombie (D:5)
  2 leopard gecko skeletons
  A leopard gecko zombie (D:6)
  4 orc skeletons (D:10)
  14 orc zombies (D:10)
  7 rats (D:1)
  A plant (D:2)
374 creatures vanquished.

Notes
Turn   | Place    | Note
-------+----------+-------------------------------------------
     0 | D:1      | kuniqs the Vine Stalker Fighter began the quest for the Orb.
     0 | D:1      | Reached XP level 1. HP: 11/11 MP: 2/2
   148 | D:1      | Reached XP level 2. HP: 15/16 MP: 3/3
   343 | D:1      | Reached skill level 1 in Dodging
   448 | D:1      | Reached skill level 3 in Shields
   856 | D:2      | Found an iron altar of Okawaru.
   858 | D:2      | Reached XP level 3. HP: 19/19 MP: 4/4
  1167 | D:2      | Gained mutation: Your natural rate of healing is unusually fast. [Vine Stalker growth]
  1167 | D:2      | Reached XP level 4. HP: 12/23 MP: 3/5
  1832 | D:3      | Noticed Qrupt's ghost (amateur KoAs)
  1868 | D:3      | Killed Qrupt's ghost
  1868 | D:3      | Reached XP level 5. HP: 19/28 MP: 4/6
  2180 | D:3      | Reached XP level 6. HP: 32/32 MP: 7/7
  2360 | D:4      | Reached skill level 4 in Shields
  2683 | D:4      | Noticed Robin
  2708 | D:4      | Killed Robin
  2745 | D:4      | Noticed Ijyb
  2747 | D:4      | Noticed Ijyb
  2747 | D:4      | Ijyb changed into Ijyb the hound
  2758 | D:4      | Killed Ijyb the hound
  2814 | D:4      | Noticed Edmund
  2893 | D:4      | Killed Edmund
  2893 | D:4      | Reached XP level 7. HP: 24/37 MP: 6/8
  2922 | D:4      | Noticed Eustachio
  2945 | D:4      | Killed Eustachio
  2945 | D:4      | Reached skill level 5 in Shields
  3008 | D:4      | Found an opulent altar of Gozag.
  3267 | D:4      | Found a staircase to the Ecumenical Temple.
  3277 | Temple   | Entered the Ecumenical Temple
  3329 | Temple   | Became a worshipper of Uskayaw the Reveler
  3665 | D:5      | Entered Level 5 of the Dungeon
  3673 | D:5      | Reached * piety under Uskayaw
  3678 | D:5      | Reached ** piety under Uskayaw
  3685 | D:5      | Gained mutation: You have razor-sharp teeth. [Vine Stalker growth]
  3685 | D:5      | Reached XP level 8. HP: 42/42 MP: 9/9
  3844 | D:5      | Found Rizucwak's Book Shoppe.
  4143 | D:5      | Noticed a hornet
  4143 | D:5      | an ogre changed into a hornet
  4147 | D:5      | a hornet changed into a basilisk
  4178 | D:5      | Reached skill level 1 in Invocations
  4178 | D:5      | Reached skill level 1 in Evocations
  4433 | D:5      | Reached skill level 6 in Shields
  4884 | D:6      | Reached XP level 9. HP: 46/46 MP: 11/11
  4940 | D:6      | Noticed Sigmund
  4940 | D:6      | Reached *** piety under Uskayaw
  4945 | D:6      | Reached **** piety under Uskayaw
  4948 | D:6      | Killed Sigmund
  4951 | D:6      | Reached ***** piety under Uskayaw
  5036 | D:6      | Reached skill level 5 in Fighting
  5136 | D:6      | Found a radiant altar of Vehumet.
  5177 | D:6      | Noticed Blork the orc
  5186 | D:6      | Killed Blork the orc
  5330 | D:6      | Reached skill level 7 in Shields
  6118 | D:7      | Reached XP level 10. HP: 51/51 MP: 13/13
  6213 | D:7      | Reached skill level 5 in Armour
  6420 | D:8      | Reached skill level 5 in Short Blades
  6420 | D:8      | Reached skill level 8 in Shields
  6500 | D:8      | Noticed a two-headed ogre
  6506 | D:8      | Killed a two-headed ogre
  6572 | D:8      | Noticed a two-headed ogre
  6797 | D:8      | Noticed a two-headed ogre
  6813 | D:8      | Killed a two-headed ogre
  7059 | D:8      | Reached XP level 11. HP: 55/56 MP: 15/15
  7121 | D:8      | Killed a two-headed ogre
  7461 | D:9      | Reached skill level 9 in Shields
  7499 | D:9      | Found a transporter.
  7499 | D:9      | Noticed a fire crab
  7522 | D:9      | Reached skill level 5 in Dodging
  7588 | D:9      | Found a transporter.
  7601 | D:9      | Noticed an orc high priest
  7718 | D:9      | Noticed Erica
  7739 | D:9      | Noticed Erica
  7739 | D:9      | Erica changed into Erica the water nymph
  7744 | D:9      | Killed Erica the water nymph
  7916 | D:9      | Found a sacrificial altar of Ru.
  7916 | D:9      | Found a snail-covered altar of Cheibriados.
  7916 | D:9      | Found a deep blue altar of Sif Muna.
  7916 | D:9      | Found a shadowy altar of Dithmenos.
  7952 | D:9      | Found a glowing silver altar of Zin.
  7952 | D:9      | Found an opulent altar of Gozag.
  8075 | D:10     | Entered Level 10 of the Dungeon
  8111 | D:10     | Found a staircase to the Orcish Mines.
  8155 | D:10     | Reached skill level 5 in Invocations
  8193 | D:10     | Found a sacrificial altar of Ru.
  8228 | D:10     | Noticed a two-headed ogre
  8235 | D:10     | Noticed Joseph
  8237 | D:10     | Killed a two-headed ogre
  8345 | D:10     | Killed Joseph
  8345 | D:10     | Reached skill level 5 in Evocations
  8689 | D:10     | Noticed a two-headed ogre
  8696 | D:10     | Killed a two-headed ogre
  8929 | D:10     | Found Gefimiv's Gadget Shop.
  9156 | D:11     | Found a frozen archway.
  9204 | IceCv    | Entered an ice cave
  9281 | D:11     | Gained mutation: You heal very quickly. [Vine Stalker growth]
  9281 | D:11     | Reached XP level 12. HP: 62/62 MP: 17/17
  9303 | D:11     | Noticed Snorg
  9312 | D:11     | Killed Snorg
  9378 | D:11     | Noticed a centaur warrior
  9474 | D:10     | Reached skill level 10 in Shields
  9524 | D:11     | Noticed a two-headed ogre
  9532 | D:11     | Killed a two-headed ogre
  9583 | D:11     | Killed a centaur warrior
  9898 | D:11     | Found a staircase to the Lair.
 10502 | D:12     | Noticed a two-headed ogre
 10510 | D:12     | Killed a two-headed ogre
 10960 | D:12     | Noticed a two-headed ogre
 10964 | D:12     | Killed a two-headed ogre
 11246 | D:13     | Slain by a sixfirhy

Vault maps used:
D:1:      lightli_arrival_statuegarden
D:2:      cheibrodos_pilgrimage, okawaru_trees_1, serial_forest,
          infiniplex_forest_clump_small, infiniplex_forest_end_1,
          infiniplex_forest_end_3, infiniplex_forest_clump_double,
          infiniplex_forest_zigzag_2, infiniplex_forest_straight_2,
          infiniplex_forest_clump_double, infiniplex_forest_clump_diagonal,
          infiniplex_forest_lined_room_3, infiniplex_forest_straight_5,
          first_bread
D:3:      minmay_wonky_spiral, minmay_splitting_lines
D:4:      minmay_temple_entry_nine_rooms, grunt_gozag_breadcrumbs, uniq_ijyb,
          uniq_eustachio, uniq_robin, uniq_edmund
D:5:      serial_shops, shop
D:6:      vehumet_statue, minmay_tree_intersection, uniq_sigmund,
          uniq_blork_the_orc
D:7:      grunt_livestock
D:8:      kennysheep_generic_room_8
D:9:      gammafunk_wand_slinger, minmay_overflow_temple_hex,
          minmay_item_behind_shaft, uniq_erica
D:10:     zombieorc2_lemuel, serial_shops, nicolae_shop_waterfront,
          nicolae_ru_path_of_blood, uniq_joseph
D:11:     lair_entry_dummy, portal_ice_cave_entry_imps, uniq_snorg
D:12:     kennysheep_crisscross
D:13:     uniq_maurice, uniq_erolcha, uniq_kirke
Temple:   nicolae_temple_great_sept
IceCv:    ice_cave_small_necro

Skill      XL: |  1  2  3  4  5  6  7  8  9 10 11 12 |
---------------+-------------------------------------+-----
Dodging        | 1 2 3 4 5 6 |  6.2
Shields        | 3 4 5 6 7 8 9 10 | 10.5
Short Blades   | 2 3 4 5 6 7 |  7.2
Fighting       | 3 4 5 6 7 |  7.4
Armour         | 3 4 5 6 7 |  7.0
Invocations    | 2 3 4 5 6 |  6.6
Evocations     | 1 3 4 5 6 |  6.4

Action                   |  1- 3 |  4- 6 |  7- 9 | 10-12 || total
-------------------------+-------+-------+-------+-------++-------
Melee: Rapier            |    71 |    11 |       |       ||    82
       Bite              |    19 |    74 |   155 |   269 ||   517
       Short sword       |       |   202 |   422 |   266 ||   890
       Scimitar          |       |       |       |   419 ||   419
 Abil: Evoke Berserk Rag |       |       |       |    18 ||    18
Evoke: Wand              |       |     4 |     7 |    12 ||    23
  Use: Scroll            |       |     4 |     3 |     5 ||    12
       Potion            |       |     2 |     3 |     2 ||     7
 Stab: Paralysed         |       |       |     2 |    42 ||    44
  Eat: Chunk             |     1 |     5 |    11 |    31 ||    48
       Royal jelly       |       |       |       |     2 ||     2
Armor: Scale mail        |     8 |       |       |       ||     8
       Ring mail         |    16 |    44 |   115 |   198 ||   373
Dodge: Dodged            |    14 |    53 |   145 |   277 ||   489
Block: Shield            |    25 |    70 |   187 |   463 ||   745
       Rpst.: Scimitar   |       |       |       |    47 ||    47
